Map: Ulrena

Players

capac - Winner!

  • Race: Terran Terran
  • League: Gold

Kratos

  • Race: Protoss Protoss
  • League: Silver

VOD

Have the link to the VOD?

Description

Time

  • Played on: Feb. 21, 2016, noon
  • Length: 9:44
Show
View Real Time Build Order
Export as new Build Order

capac Terran - Winner!

Build Orders:  

Get SALT Encoding   

  12  0:00  SCV  
  13  0:12  SCV  
  14  0:19  Supply Depot  
  14  0:25  SCV  
  15  0:40  SCV  
  15  0:41  Barracks  
  16  0:53  Refinery, SCV  
  17  1:05  SCV  
  18  1:17  SCV  
  19  1:31  Supply Depot  
  19  1:39  Barracks Reactor  
  19  1:41  Command Center  
  19  1:42  SCV  
  20  1:55  SCV  
  21  2:06  Barracks  
  21  2:10  SCV  
  22  2:16  Marine  
  22  2:21  Supply Depot  
  23  2:33  Orbital Command  
  23  2:42  Marine  
  24  2:55  Factory  
  24  2:57  Barracks Tech Lab  
  24  2:58  Barracks  
  24  3:12  Marine  
  24  3:13  Marine  
  24  3:16  Bunker, SCV  
  27  3:28  SCV  
  27  3:31  SCV  
  29  3:34  Marine x3  
  29  3:41  Starport  
  32  3:45  Factory Tech Lab  
  32  3:52  Marine  
  32  3:53  Barracks Reactor  
  33  3:59  Refinery  
  33  4:06  Engineering Bay  
  33  4:13  Siege Tank  
  36  4:30  Marine  
  36  4:31  Marine x3  
  40  4:42  Missile Turret  
  40  4:43  Marine  
  40  4:45  SCV x2  
  43  4:54  Supply Depot  
  43  5:01  SCV  
  43  5:02  Orbital Command  
  43  5:06  Marine x2  
  46  5:15  Marine  
  46  5:19  Supply Depot, SCV  
  46  5:20  Marine x2  
  50  5:30  Starport Reactor, Siege Tank  
  50  5:31  SCV  
  50  5:34  Terran Infantry Weapons Level 1  
  54  5:40  Refinery  
  54  5:45  Supply Depot  
  54  5:52  SCV x2  
  54  5:53  Marine x2  
  54  5:54  Marine x2  
  54  5:55  Marine  
  61  6:07  Siege Tank  
  61  6:08  SCV  
  61  6:09  SCV  
  66  6:17  Marine x3  
  66  6:18  Marine  
  69  6:22  Stimpack  
  69  6:27  SCV  
  69  6:31  Supply Depot  
  70  6:35  SCV  
  71  6:42  Marine x4  
  71  6:44  SCV  
  76  6:47  SCV  
  77  6:54  Supply Depot  
  77  6:55  Marine  
  77  6:59  Medivac x2  
  82  7:11  Liberator  
  82  7:12  Refinery, Liberator  
  82  7:23  Supply Depot  
  82  7:25  SCV x2  
  90  7:33  Marine, Siege Tank  
  94  7:44  Supply Depot  
  94  7:45  Marine x4  
  98  7:57  Marine  
  99  8:02  Supply Depot, Marine x2  
  99  8:05  Siege Tank  
  104  8:07  Marine x2  
  106  8:14  Liberator x2  
  106  8:15  Barracks, Marine  
  106  8:16  Barracks  
  107  8:25  Marine  
  107  8:26  Marine x3  
  111  8:27  Supply Depot  
  105  9:15  Marine  
  105  9:16  Marine x6  
Show
View Real Time Build Order
Export as new Build Order

Kratos Protoss 

Build Orders:  

Get SALT Encoding   

  12  0:03  Probe (Chrono Boost)  
  13  0:14  Probe (Chrono Boost)  
  14  0:19  Pylon  
  14  0:27  Probe (Chrono Boost)  
  15  0:37  Probe (Chrono Boost)  
  15  0:40  Gateway  
  16  0:48  Probe (Chrono Boost)  
  17  0:59  Assimilator  
  17  1:02  Probe (Chrono Boost)  
  18  1:04  Assimilator  
  18  1:09  Pylon  
  18  1:12  Probe (Chrono Boost)  
  19  1:23  Probe (Chrono Boost)  
  20  1:33  Probe (Chrono Boost)  
  20  1:35  Assimilator  
  21  1:44  Probe (Chrono Boost)  
  22  1:51  Cybernetics Core  
  22  1:52  Pylon  
  21  1:57  Probe (Chrono Boost)  
  21  2:00  Zealot  
  24  2:19  Gateway  
  24  2:24  Gateway  
  24  2:28  Warp Gate (Chrono Boost)  
  24  2:31  Stalker  
  24  2:36  Pylon  
  26  2:51  Forge  
  26  2:55  Pylon  
  26  3:05  Probe  
  27  3:08  Sentry  
  29  3:18  Nexus  
  29  3:25  Photon Cannon  
  29  3:33  Photon Cannon  
  29  3:55  Robotics Facility  
  29  3:56  Gateway  
  29  4:16  Zealot x2  
  29  4:17  Zealot  
  29  4:26  Probe  
  29  4:28  Probe  
  32  4:38  Probe x2  
  32  4:43  Observer (Chrono Boost)  
  34  4:49  Probe, Protoss Ground Weapons Level 1 (Chrono Boost)  
  34  4:50  Probe  
  36  4:55  Twilight Council  
  36  4:58  Pylon  
  36  5:01  Probe  
  37  5:12  Probe  
  38  5:22  Probe  
  38  5:23  Probe  
  38  5:25  Zealot x2  
  38  5:27  Zealot  
  46  5:29  Sentry  
  46  5:33  Probe  
  46  5:34  Probe  
  50  5:38  Charge (Chrono Boost)  
  50  5:45  Probe  
  51  5:50  Pylon  
  51  6:07  Pylon  
  51  6:10  Stalker x3  
  51  6:11  Stalker  
  59  6:13  Probe  
  60  6:23  Probe, Immortal (Chrono Boost)  
  65  6:33  Photon Cannon  
  65  6:34  Probe  
  65  6:39  Photon Cannon  
  66  6:41  Pylon  
  66  6:59  Pylon  
  66  7:08  Robotics Bay  
  66  7:14  Assimilator  
  66  7:16  Assimilator  
  65  7:24  Nexus  
  65  7:29  Probe  
  65  7:33  Probe  
  67  7:39  Probe  
  68  7:45  Probe  
  68  7:50  Probe  
  69  7:54  Pylon  
  69  7:57  Probe  
  71  8:00  Probe, Pylon  
  71  8:05  Pylon  
  72  8:11  Colossus (Chrono Boost), Probe  
  78  8:30  Stalker  
  78  8:31  Stalker x2  
  78  8:33  Zealot  
  75  8:54  Zealot x2  
  75  8:55  Zealot x2  
  55  9:15  Pylon  
  53  9:19  Stalker x2  
  53  9:20  Stalker x2  
Tags
 
Add a new tag
Caveats
  • Supply blocks, unpowered buildings, or Contaminate may cause inaccurate times.
  • Supply counts are checked every 10 seconds.